[Event "*** Titled Tuesday Blitz"]
[Site "Chess.com"]
[Date "2019.10.01"]
[Round "2"]
[White "rezacz"]
[Black "Jumbo"]
[Result "0-1"]
[WhiteElo "2516"]
[BlackElo "2791"]
[TimeControl "180+2"]
[EndTime "13:23:19 PDT"]
[Termination "Jumbo won on time"]

1. d4 Nf6 2. c4 e6 3. Nf3 Bb4+ 4. Nbd2 O-O 5. a3 Be7 6. g3 b6 7. Bg2 Bb7 8. O-O c5 9. d5 exd5 10. Nh4 Na6 11. Nf5 Re8 12. Nb1 Nc7 13. Nc3 Bf8 14. cxd5 d6 15. a4 a6 16. e4 b5 17. axb5 axb5 18. Rxa8 Qxa8 19. Bg5 Nd7 20. Re1 b4 21.
Nb1 Qa2 22. Qc2 Ba6 23. Bf1 Nxd5 24. Rd1 Bxf1 25. Kxf1 b3 26. Qe2 N7b6 27. Kg2 h6 28.
Bf4 Nxf4+ 29. gxf4 d5 30. Nc3 Qa8 31. e5 g6 32. Ng3 Bg7 33. h4 h5 34. Qf3 Rd8 35.
f5 Bxe5 36. fxg6 fxg6 37. Re1 Bxc3 38. Qxc3 d4+ 39. Qf3 Qxf3+ 40. Kxf3 Na4 41. Re2 c4 42. Ne4 c3 43. Kf4 c2 44. Re1 Nxb2 45. Kg5 Nd3 46. Nf6+ Kf7 0-1

[Event "*** Titled Tuesday Blitz"]
[Site "Chess.com"]
[Date "2019.10.01"]
[Round "2"]
[White "SloLev"]
[Black "Sajkochess"]
[Result "0-1"]
[WhiteElo "2485"]
[BlackElo "2263"]
[TimeControl "180+2"]
[EndTime "13:23:20 PDT"]
[Termination "Sajkochess won by resignation"]

1. d4 Nf6 2. Bf4 e6 3. e3 c5 4. c3 b6 5. Nf3 Bb7 6. Nbd2 Be7 7. Bd3 O-O 8. O-O d6 9. e4 Nbd7 10. Qe2 Qc7 11. e5 dxe5 12. Nxe5 Nxe5 13. dxe5 Qc6 14. f3 Nd5 15. Bg3 Bg5 16. f4 Be7 17. Ne4 Rac8 18.
Kh1 c4 19. Bc2 g6 20. Rad1 Rfd8 21. Rd4 Bc5 22. Bh4 Bxd4 23. Bxd8 Rxd8 24. cxd4 c3 25. b3 Nb4 26. Nf6+ Kg7 27. Be4 Qc7 28. Bxb7 Qxb7 29. Qg4 Qa6 30. Rg1 Nd3 31. Qh4 h5 32. h3 Rh8 33. Qg5 c2 34. f5 exf5 35. e6 b5 36. d5 fxe6 37. Nd7 exd5 38. Qe7+ Kh6 39. Qe3+ f4 40.
Qxd3 Qd6 41. Qxb5 Rc8 42. Nc5 Rxc5 43. Qe2 c1=Q 44. Rxc1 Rxc1+ 45. Kh2 f3+ 0-1

[Event "*** Titled Tuesday Blitz"]
[Site "Chess.com"]
[Date "2019.10.01"]
[Round "2"]
[White "KhalilMousavi77"]
[Black "Sashadav97"]
[Result "1-0"]
[WhiteElo "2817"]
[BlackElo "2529"]
[TimeControl "180+2"]
[EndTime "13:23:22 PDT"]
[Termination "KhalilMousavi77 won by resignation"]

1. d4 Nf6 2. Nf3 e6 3. e3 d5 4. c4 Be7 5. Nc3 O-O 6. b3 b6 7. Bb2 Bb7 8. cxd5 exd5 9. Bd3 Nbd7 10. O-O a6 11. Ne2 Bd6 12. Ne5 Qe7 13. f4 Ne4 14. Rc1 Ndf6 15. Qe1 Rae8 16. Qh4 h6 17. Qh3 c5 18. dxc5 bxc5 19. Rfd1 Bxe5 20. fxe5 Nh7 21. Nf4 Nhg5 22. Qh5 f6 23. Bxe4 Nxe4 24. Ng6 Qf7 25. exf6 Re6 26. Rf1 Rfe8 27. Nf4 Qxh5 28. Nxh5 gxf6 29.
Rf4 Kh7 30. Rcf1 Rg8 31. Bxf6 d4 32. Bg7 Rxg7 33. Nxg7 Kxg7 34. Rf7+ Kg6 35. Rxb7 dxe3 36. Re1 Nc3 37. Rd7 Nxa2 38. Rd3 e2 39. Kf2 Nb4 40. Rg3+ Kf6 41. Rxe2 Rxe2+ 42. Kxe2 Nc6 43. Kd3 Na5 44. Kc3 Kf5 45. Rh3 Kg5 46. Rd3 Kf4 47. Rd5 Nb7 48. Rd7 Na5 49. Rc7 Ke3 50. b4 Nb7 51. Rxb7 1-0

[Event "*** Titled Tuesday Blitz"]
[Site "Chess.com"]
[Date "2019.10.01"]
[Round "2"]
[White "JozefKneht"]
[Black "Grieve72"]
[Result "0-1"]
[WhiteElo "2491"]
[BlackElo "2296"]
[TimeControl "180+2"]
[EndTime "13:23:28 PDT"]
[Termination "Grieve72 won by resignation"]

1. d4 d5 2. Bf4 e6 3. e3 Nf6 4. Nf3 Bd6 5. Bg3 O-O 6. Bd3 b6 7. Nbd2 c5 8. c3 Ba6 9. Bxa6 Nxa6 10.
Qe2 Nb8 11. O-O Bxg3 12. hxg3 Nc6 13. Rfe1 a5 14. Rad1 Qc7 15. dxc5 bxc5 16. e4 a4 17. e5 Nd7 18. c4 Nb6 19. cxd5 exd5 20. Ng5 h6 21. Nh3 Rfe8 22. f4 Nd4 23. Qg4 Qc8 24.
Qh4 Nf5 25. Qg4 c4 26. Kh2 a3 27. b3 c3 28. Nf3 Qe6 29. Nh4 Nxh4 30. Qxh4 Rac8 31. g4 c2 32. Rc1 d4 33. f5 Qc6 34.
g5 d3 35. f6 d2 36. gxh6 dxe1=Q 37. h7+ Kh8 38. Rxe1 gxf6 39. Qh6 fxe5 40. Qg5 Qg6 41. Qe3 Nd5 42. Qe2 c1=Q 43. Rxc1 Rxc1 44. Qf2 Rc2 45. Qb6 0-1

[Event "*** Titled Tuesday Blitz"]
[Site "Chess.com"]
[Date "2019.10.01"]
[Round "2"]
[White "aranibos"]
[Black "LornerAcosta"]
[Result "0-1"]
[WhiteElo "2174"]
[BlackElo "2466"]
[TimeControl "180+2"]
[EndTime "13:23:29 PDT"]
[Termination "LornerAcosta won by checkmate"]

1. d4 d5 2. Nf3 Nf6 3. Bf4 c5 4. Bxb8 Rxb8 5. dxc5 Qa5+ 6. c3 Qxc5 7. e3 e6 8. Nbd2 Be7 9. Bd3 O-O 10. O-O Rd8 11. Qe2 b5 12. a3 a6 13. e4 Nh5 14. g3 dxe4 15. Nxe4 Qc7 16. Nfg5 g6 17. Rad1 Bb7 18. f4 Qb6+ 19. Qf2 Qc7 20. Bc2 Bxe4 21. Nxe4 f5 22. Ng5 Bc5 23. Rd4 Bxd4 24. cxd4 Rd6 25. Bb3 Ng7 26. Re1 h6 27. Nxe6 Nxe6 28. Bxe6+ Kh7 29. d5 Rbd8 30. Qd4 Qg7 31. Qe5 Kh8 32. Rc1 Kh7 33. Kf2 Rxd5 34. Bxd5 Qxe5 35. fxe5 Rxd5 36.
Re1 Kg7 37. h4 Kf7 38. Kf3 Ke6 39. Kf4 Rd4+ 40. Kf3 g5 41. hxg5 hxg5 42. Rc1 Kxe5 43. Rc6 Rd6 44. Rc5+ Rd5 45. Rc6 a5 46. Rg6 g4+ 47.
Ke3 Rd1 48. Rb6 Rd5 49. Ke2 Ke4 50. Re6+ Re5 51. Rd6 f4 52. gxf4 Kxf4+ 53. Kf2 g3+ 54. Kg1 Kf3 55. Rd3+ Re3 56. Rd2 Re1# 0-1

[Event "*** Titled Tuesday Blitz"]
[Site "Chess.com"]
[Date "2019.10.01"]
[Round "2"]
[White "mishanick"]
[Black "sandropozo"]
[Result "1-0"]
[WhiteElo "3005"]
[BlackElo "2615"]
[TimeControl "180+2"]
[EndTime "13:23:44 PDT"]
[Termination "mishanick won on time"]

1. d4 d5 2. Nf3 Nf6 3. c4 c6 4. Nc3 a6 5. e3 e6 6. Be2 dxc4 7.
Bxc4 b5 8. Be2 Nbd7 9. O-O c5 10. b3 Bb7 11. Bb2 Bd6 12. Qc2 O-O 13. Rfd1 Qb8 14. Rac1 cxd4 15. Rxd4 Ne5 16. h3 Nxf3+ 17. Bxf3 Bxf3 18.
gxf3 Be5 19. Rdd1 Rc8 20. Qe2 Qb7 21. Kg2 Rd8 22. Nb1 Bxb2 23. Qxb2 h6 24. Nc3 Rac8 25. Ne2 Rd5 26. Ng3 Rcd8 27. Rxd5 Qxd5 28. Qc3 h5 29. h4 Qd2 30. a3 Qa2 31. Ra1 Qd2 32. Rc1 Qa2 33. Ra1 Qd2 34. Qe5 Rd5 35. Qb8+ Kh7 36. Qa7 Rd7 37. Qxa6 Nd5 38. Nf1 Qb2 39.
Qxb5 Rc7 40. Qd3+ g6 41. Rb1 Qxa3 42. Nd2 Rc3 43. Qd4 Qa2 44. Rf1 Rc2 45. Ne4 Re2 46. Ng5+ Kg8 47. Kg1 Nxe3 48. Rc1 Nc2 49. Qd8+ Kg7 50.
Qe7 1-0

[Event "*** Titled Tuesday Blitz"]
[Site "Chess.com"]
[Date "2019.10.01"]
[Round "2"]
[White "Msb2"]
[Black "cool4chess"]
[Result "1-0"]
[WhiteElo "2906"]
[BlackElo "2599"]
[TimeControl "180+2"]
[EndTime "13:23:47 PDT"]
[Termination "Msb2 won by checkmate"]

1. d4 d5 2. c4 c6 3. Nc3 dxc4 4.
e4 b5 5. a4 b4 6. Nce2 e6 7.
Ng3 Ba6 8. Nf3 Nd7 9. Be3 Qa5 10. Nd2 c3 11. Nb3 Qb6 12. Bxa6 cxb2 13. Rb1 Qxa6 14. a5 Ngf6 15. Rxb2 Be7 16. Qe2 Qb7 17. O-O O-O 18. Rc1 Rfc8 19. Rbc2 Rc7 20. Bf4 Rcc8 21. h3 h6 22. Rc4 Qb5 23. Qc2 Qa4 24. Rxc6 Rxc6 25.
Qxc6 Qxc6 26. Rxc6 g5 27. Bd2 Rb8 28. Rc7 Bd6 29.
Rxa7 Bxg3 30. fxg3 Nf8 31. e5 Nd5 32. a6 Rb6 33.
Kf2 Kg7 34. Ke2 Ng6 35. Kd3 Nge7 36. Nc5 b3 37. Rb7 Nc6 38. Rxb6 Nxb6 39. Nxb3 Nb8 40. Ba5 Nxa6 41. Bxb6 Nb4+ 42. Ke4 Nd5 43. Bd8 Kg6 44. g4 h5 45. gxh5+ Kxh5 46. Nd2 g4 47. Nf1 Nc3+ 48. Kd3 gxh3 49. gxh3 Nd5 50. Ng3+ Kg6 51. Ke4 Nc3+ 52. Kf4 Nd5+ 53. Kf3 Kh6 54. h4 Kg6 55. Bg5 Nc7 56. Be3 Nd5 57. h5+ Kh7 58. Bd2 Ne7 59. Kg4 Nc6 60. Be3 Ne7 61. Ne4 Nf5 62. Bf2 Kh6 63. Nd6 Ng7 64. Nxf7+ Kh7 65. h6 Nf5 66. Ng5+ Kxh6 67. Nxe6 Kg6 68. Nf4+ Kh6 69. Kxf5 Kh7 70. d5 Kh6 71. d6 Kh7 72. e6 Kh6 73. e7 Kh7 74. d7 Kh6 75. e8=Q Kh7 76. d8=Q Kh6 77.
Be3 Kh7 78. Qg6# 1-0

[Event "*** Titled Tuesday Blitz"]
[Site "Chess.com"]
[Date "2019.10.01"]
[Round "2"]
[White "Grischuk"]
[Black "chessdjw"]
[Result "1-0"]
[WhiteElo "3053"]
[BlackElo "2632"]
[TimeControl "180+2"]
[EndTime "13:23:49 PDT"]
[Termination "Grischuk won by resignation"]

1. e4 e5 2. Nf3 Nc6 3. Bb5 a6 4. Ba4 Nf6 5. O-O Be7 6. Re1 b5 7. Bb3 O-O 8. d3 d6 9. Bd2 Bg4 10. c3 Na5 11. Bc2 c5 12. h3 Bh5 13. Bc1 Nd7 14. Nbd2 Nb6 15. Nf1 Nc6 16. g4 Bg6 17. Ng3 d5 18. Qe2 Re8 19. Kg2 Bf8 20. h4 f6 21. g5 fxg5 22. Nxg5 Be7 23. Qg4 Qc8 24. Qxc8 Raxc8 25. h5 Bxg5 26. Bxg5 Bf7 27. h6 g6 28. exd5 Bxd5+ 29. Ne4 Rf8 30. f3 Rf5 31. Be3 Nd7 32. Nd6 Rxf3 33. Nxc8 Rxe3+ 34. Kh2 Rf3 35. Rf1 Nf6 36.
Rxf3 Bxf3 37. Kg3 Bd5 38. Nd6 Kf8 39. a4 Ke7 40. axb5 axb5 41. Nxb5 Ke6 42. Nc7+ Kd6 43.
Nxd5 Nxd5 44. Bb3 Nde7 45. Kg4 Nf5 46. Kg5 Nce7 47. Ra6+ Kc7 48. Be6 Nd6 49. Ra7+ Nb7 50. Kf6 Nc6 51. Rxb7+ Kxb7 52. Kg7 c4 53. Bxc4 g5 54.
Kxh7 g4 55. Bd5 Kc7 56. Kg7 Ne7 57. Bh1 Nf5+ 58. Kg6 1-0

[Event "*** Titled Tuesday Blitz"]
[Site "Chess.com"]
[Date "2019.10.01"]
[Round "2"]
[White "Saitama_Hero"]
[Black "AminMolaei"]
[Result "0-1"]
[WhiteElo "2335"]
[BlackElo "2695"]
[TimeControl "180+2"]
[EndTime "13:23:49 PDT"]
[Termination "AminMolaei won by resignation"]

1. b3 e5 2. Bb2 Nc6 3. Nf3 e4 4. Ne5 d5 5. e3 Nxe5 6. Bxe5 c6 7. c4 Qg5 8. Bf4 Qf6 9. Nc3 Bb4 10. Rc1 Ne7 11. cxd5 Bxc3 12. dxc3 Nxd5 13. Qd2 O-O 14. Bg3 h5 15. h3 h4 16. Bh2 Qg6 17. c4 Nf6 18. Qd6 a5 19. Qf4 a4 20. b4 Be6 21.
Qxh4 Rfd8 22. Be5 Nd7 23. Bd4 b6 24. Be2 c5 25. Bh5 Qxg2 26. Ke2 Bxc4+ 27. Kd2 cxd4 28.
Rcg1 dxe3+ 29. Kxe3 Qxg1 30. Rxg1 Ne5 31. Qf6 Rd3+ 32.
Kxe4 Bd5+ 33. Kxe5 Re8+ 34. Kd6 Bg2+ 35. Kc7 gxf6 36.
Rxg2+ Kf8 37. Kxb6 Rxh3 38. Bg4 Ra3 39. f3 f5 40.
Bxf5 Rxf3 41. Bd7 Re7 42. Bxa4 f5 43. Bb3 Rg7 44. Rc2 Rg6+ 45. Kb5 f4 46. a4 Rxb3 47. Rc8+ Kg7 48. Rc7+ Kh6 49. Rc5 f3 50. a5 f2 0-1

[Event "*** Titled Tuesday Blitz"]
[Site "Chess.com"]
[Date "2019.10.01"]
[Round "2"]
[White "TST2014"]
[Black "Dr-Bassem"]
[Result "1-0"]
[WhiteElo "2567"]
[BlackElo "2809"]
[TimeControl "180+2"]
[EndTime "13:23:51 PDT"]
[Termination "TST2014 won on time"]

1. d4 Nf6 2. c4 g6 3. Nf3 Bg7 4. Nc3 O-O 5. e4 d6 6. Be2 e5 7. O-O Nc6 8. d5 Ne7 9. b4 a5 10. bxa5 Rxa5 11. Nd2 c5 12. a4 Ne8 13. Ra3 f5 14. Nb3 Ra6 15. a5 Nf6 16. Bd3 f4 17. f3 g5 18. Na4 Ng6 19. Nb6 Rxb6 20. axb6 g4 21. Ra8 h5 22. Na5 Qxb6 23. Qb3 Qc7 24.
Bd2 g3 25. Rb1 gxh2+ 26. Kh1 h4 27. Nxb7 h3 28. Bf1 Nh4 29. Qb6 Qxb6 30. Rxb6 hxg2+ 31. Bxg2 Nxg2 32. Nxd6 Nh4 33. Nxc8 Nxf3 34. Ne7+ Kf7 35. Ra7 Ra8 36. Rxa8 Nxe4 37. Be1 Nxe1 38. Kxh2 f3 39.
Ra7 Bf6 40. Nf5+ Kg6 41. Ne3 Kg5 42. Rf7 f2 43. Rbxf6 Nxf6 44. Kg3 Ne4+ 45. Kh2 Nf6 46.
Nf1 Kg6 47. Rf8 Kg7 48. Rc8 Ne4 49. Re8 Kf7 50. Rc8 Ke7 51. Rc7+ Kd6 52. Rf7 Nd3 53. Kg2 Nc3 54. Ne3 e4 55. Nf5+ Ke5 56. d6 1-0

[Event "*** Titled Tuesday Blitz"]
[Site "Chess.com"]
[Date "2019.10.01"]
[Round "2"]
[White "MalyDominator"]
[Black "MarcoRiehle"]
[Result "0-1"]
[WhiteElo "2297"]
[BlackElo "2592"]
[TimeControl "180+2"]
[EndTime "13:23:52 PDT"]
[Termination "MarcoRiehle won by resignation"]

1. e4 e5 2. Nf3 Nf6 3. Nxe5 Nxe4 4. Qe2 Qe7 5. Qxe4 d6 6. d4 dxe5 7. Qxe5 Qxe5+ 8. dxe5 Bf5 9. Bd3 Bxd3 10. cxd3 Nc6 11. f4 Nb4 12. Na3 Nxd3+ 13. Ke2 O-O-O 14. Rd1 Nxc1+ 15. Raxc1 Bxa3 16. bxa3 Rhe8 17. Kf3 Re6 18. g4 Ra6 19. Rxd8+ Kxd8 20. Rc3 Ra4 21. f5 c6 22. Re3 Kd7 23. h3 c5 24. Ke2 b5 25. Kd2 Rf4 26.
Kc3 h5 27. e6+ fxe6 28. fxe6+ Ke7 29. gxh5 Rh4 30. Re5 Rxh3+ 31. Kb2 Rh2+ 32. Kb1 c4 33. Rxb5 Kxe6 34. Rc5 Kf6 35. Rxc4 Rxh5 36. Ra4 a5 37.
Kc2 Rf5 38. Kd3 g5 39. Ke3 Kg6 40. Rc4 Kh5 41. a4 g4 42. Rc8 g3 43. Rg8 Kh4 44.
Rh8+ Kg4 45. Ke2 g2 46. Rg8+ Kh3 47. Rh8+ Kg3 48. Rg8+ Kh2 49. Rh8+ Kg1 50. Rg8 Rf4 51. Rg5 Rxa4 0-1

[Event "*** Titled Tuesday Blitz"]
[Site "Chess.com"]
[Date "2019.10.01"]
[Round "2"]
[White "GianmarcoVaR"]
[Black "Sanan_Sjugirov"]
[Result "0-1"]
[WhiteElo "2606"]
[BlackElo "2950"]
[TimeControl "180+2"]
[EndTime "13:23:57 PDT"]
[Termination "Sanan_Sjugirov won on time"]

1. d4 Nf6 2. c4 e6 3. g3 d5 4. Bg2 Bb4+ 5. Bd2 Be7 6. Nf3 O-O 7. O-O c6 8. Qc2 b6 9. Bf4 Ba6 10. Ne5 Nfd7 11. cxd5 cxd5 12. Nd3 Bb7 13. Nd2 Nc6 14. Nf3 Rc8 15. Qd2 Nf6 16. Rfc1 Ne4 17. Qd1 Bf6 18. e3 Be7 19. h4 h6 20. h5 Bd6 21. Rc2 Bxf4 22. Nxf4 Qd6 23. Rac1 Nf6 24. Bf1 Rc7 25. Ne5 Rfc8 26. Ned3 Ba6 27. Be2 Ne7 28. Rxc7 Rxc7 29.
Rxc7 Qxc7 30. Qc1 Qxc1+ 31. Nxc1 Bxe2 32. Ncxe2 Nf5 33. Nc3 Nd6 34. Kf1 Kf8 35. Ke2 Ke8 36. f3 Kd7 37. g4 Kc6 38. Nd3 Nd7 39. Kd2 Nc4+ 40. Ke2 a5 41. f4 Nf6 42. b3 Nd6 43.
Ne5+ Kc7 44. a4 Kd8 45. Kf3 Ke8 46. Ke2 Nfe4 47. Nxe4 Nxe4 48. Kd3 f6 49. Nf3 Nf2+ 50. Kc3 Nxg4 51. Kd2 Nf2 52. Ke2 Ne4 0-1

[Event "*** Titled Tuesday Blitz"]
[Site "Chess.com"]
[Date "2019.10.01"]
[Round "2"]
[White "Orest_Vovk"]
[Black "wonderfultime"]
[Result "0-1"]
[WhiteElo "2398"]
[BlackElo "2953"]
[TimeControl "180+2"]
[EndTime "13:24:00 PDT"]
[Termination "wonderfultime won by resignation"]

1. d4 Nf6 2. Nf3 e6 3. Bg5 h6 4. Bh4 b6 5. Nbd2 Bb7 6. e3 c5 7. c3 Be7 8. Bd3 d6 9. O-O O-O 10. e4 Nbd7 11. Qe2 Nh5 12. Bxe7 Qxe7 13. g3 Rfd8 14.
Nh4 Nf4 15. Qe3 Nxd3 16. Qxd3 Rac8 17. f4 cxd4 18. cxd4 Nb8 19. Rfc1 Ba6 20. Qa3 Rc7 21. Rxc7 Qxc7 22. Qc3 Qe7 23. Rc1 Qd7 24. b3 d5 25.
e5 Rc8 26. Qb2 Nc6 27. a3 g6 28. Nhf3 Kg7 29. Rc3 Ne7 30. Qc1 Rxc3 31. Qxc3 Qb5 32. g4 Qd7 33. a4 Be2 34. Kf2 Bxf3 35. Nxf3 Nc6 36. Ne1 a5 37. Nd3 Ne7 38. h4 h5 39.
gxh5 gxh5 40. Ne1 Nf5 41. Ng2 Qe7 42. Qh3 Qb4 43. Qd3 Qxd4+ 44. Qxd4 Nxd4 45. Ke3 Nxb3 46. Kd3 Nc5+ 47. Kd4 Nxa4 48. f5 Nc5 49. f6+ Kh6 50. Nf4 a4 51. Kc3 b5 52. Kb4 Nd7 53. Nd3 Kg6 54. Kxb5 a3 55. Nb4 Nxe5 0-1

[Event "*** Titled Tuesday Blitz"]
[Site "Chess.com"]
[Date "2019.10.01"]
[Round "2"]
[White "abubakrtagelsir"]
[Black "gena217"]
[Result "0-1"]
[WhiteElo "2398"]
[BlackElo "2898"]
[TimeControl "180+2"]
[EndTime "13:24:03 PDT"]
[Termination "gena217 won by resignation"]

1. e4 c6 2. d4 d5 3. f3 e6 4. Nc3 Bb4 5. Qd3 Ne7 6. Be3 b6 7. O-O-O O-O 8. Nge2 a5 9. Bg5 h6 10. Bh4 Ba6 11. Qe3 Nd7 12. g4 b5 13. Rg1 Nb6 14. g5 Ng6 15. Nf4 Nxh4 16. gxh6 g6 17. exd5 Nxd5 18. Ncxd5 exd5 19. Qe5 f6 20. Qh5 g5 21.
Qxh4 Qe8 22. Kb1 Kh8 23. Qg4 Bc8 24. Qg2 Bd6 25. Nd3 Rg8 26. Nc5 Qg6 27. Bd3 Qxh6 28. h3 Ra7 29. h4 Rag7 30. h5 g4 31. Bg6 g3 32. Nd3 Rxg6 33. hxg6 Qxg6 34. Rh1+ Kg7 35.
Rh4 Re8 36. Rdh1 Bf5 37. Rh7+ Qxh7 38. Rxh7+ Kxh7 39. a3 Kg6 40. f4 Re3 41. Ka2 b4 42. Qg1 Rf3 43. Ne1 Rxf4 44. Qxg3+ Kf7 45. Ng2 Rxd4 46.
Qxd6 Bxc2 47. Qc7+ Kg6 48. Qb6 b3+ 49. Qxb3 Bxb3+ 50. Kxb3 Re4 51. Kc3 f5 52. Kd3 Kg5 0-1

[Event "*** Titled Tuesday Blitz"]
[Site "Chess.com"]
[Date "2019.10.01"]
[Round "2"]
[White "Roenko_Artur"]
[Black "Alex_32167"]
[Result "0-1"]
[WhiteElo "2258"]
[BlackElo "2663"]
[TimeControl "180+2"]
[EndTime "13:24:10 PDT"]
[Termination "Alex_32167 won by resignation"]

1. e4 d5 2. exd5 Nf6 3. Bb5+ Bd7 4. Bc4 Bg4 5. Nf3 Nxd5 6. O-O e6 7. d4 Be7 8. Nc3 O-O 9. Nxd5 exd5 10. Bd3 Nd7 11. c3 Bf6 12. Bf4 c5 13. dxc5 Nxc5 14. Bc2 Ne6 15. Qd3 g6 16. Bh6 Re8 17. Bb3 Nc5 18.
Qxd5 Nxb3 19. Qxd8 Raxd8 20. axb3 a6 21. Rfe1 Be6 22.
b4 Rd5 23. Ra5 Red8 24. Rxd5 Rxd5 25. h3 Rh5 26. Be3 Rd5 27. Nd4 Bd7 28. Ra1 h5 29.
Ra5 Rd6 30. Bf4 Rb6 31. Bc7 Bxd4 32. cxd4 Rxb4 33. Rd5 Bb5 34. Rd8+ Kg7 35. d5 f6 36. d6 Rxb2 37. Rb8 Bc6 38. Rd8 Rd2 39. Rb8 Rd1+ 40.
Kh2 h4 41. Rd8 g5 42. Rb8 Rd5 43. Rd8 a5 44. Ra8 a4 45. Ra7 Rd2 46. f3 Bxf3 47. Kg1 Bc6 48. Ra5 Rxg2+ 49. Kf1 Rd2 50. Ke1 Rd4 51. Rc5 Kg6 52. Ra5 Rd3 53. Ke2 Rxh3 54. Rc5 Bd7 55. Bb6 Rb3 56. Ba5 b6 57. Rc7 Bg4+ 58.
Kd2 bxa5 0-1

[Event "*** Titled Tuesday Blitz"]
[Site "Chess.com"]
[Date "2019.10.01"]
[Round "2"]
[White "aa175"]
[Black "Qvalda"]
[Result "1/2-1/2"]
[WhiteElo "2299"]
[BlackElo "2538"]
[TimeControl "180+2"]
[EndTime "13:24:17 PDT"]
[Termination "Game drawn - insufficient material"]

1. d4 d5 2. Bf4 Nf6 3. e3 c5 4. c3 Nc6 5. Nd2 Qb6 6. Qb3 g6 7. Ngf3 c4 8. Qc2 Bf5 9. Qc1 Bg7 10. b3 cxb3 11. axb3 O-O 12. Be2 Rfc8 13. Qa3 Ne4 14. Nxe4 Bxe4 15. O-O Bxf3 16. Bxf3 e6 17. Bd6 a5 18.
Qc5 Qxc5 19. Bxc5 b5 20. Be2 Rcb8 21. Rfc1 Bf8 22. Bxf8 Kxf8 23. c4 dxc4 24. bxc4 b4 25. Bf3 Rc8 26. Ra4 e5 27. Bxc6 Rxc6 28. c5 exd4 29.
exd4 Rd8 30. Rxa5 Rxd4 31. Rb5 Ke7 32. Kf1 Ke6 33. Rb1 Kd5 34. R1xb4 Rxb4 35. Rxb4 Rxc5 36. Rb7 Ke6 37. g3 h5 38. Kg2 Kf6 39. Rb6+ Kg5 40. h4+ Kf5 41. Rb7 f6 42. Rb6 Ra5 43. Rb3 g5 44. Rf3+ Kg6 45. hxg5 fxg5 46. Rf8 h4 47. Rh8 Ra4 48. gxh4 gxh4 49. Kh3 Kg5 50. Rg8+ Kf5 51. Rf8+ Kg6 52. Rg8+ Kh5 53. Rh8+ Kg5 54. Rg8+ Kf6 55.
Rh8 Rf4 56. f3 Rxf3+ 57. Kxh4 Ra3 58. Rf8+ Kg7 59. Rf1 Ra4+ 60. Kg3 Ra3+ 61. Rf3 Rxf3+ 62. Kxf3 1/2-1/2

[Event "*** Titled Tuesday Blitz"]
[Site "Chess.com"]
[Date "2019.10.01"]
[Round "2"]
[White "smshk35"]
[Black "DeGrootteZ"]
[Result "1-0"]
[WhiteElo "2373"]
[BlackElo "2666"]
[TimeControl "180+2"]
[EndTime "13:24:23 PDT"]
[Termination "smshk35 won by resignation"]

1. e4 c5 2. Nf3 d6 3. d4 cxd4 4. Nxd4 Nf6 5. Nc3 a6 6. h3 Nc6 7. Be3 e5 8. Nf3 Be7 9. Qd2 Be6 10. g4 h6 11. O-O-O b5 12. a3 Rb8 13. g5 hxg5 14. Nxg5 b4 15. axb4 Nxb4 16. Nxe6 fxe6 17. Bc4 Qa5 18. Kb1 Kf7 19. f4 Rhc8 20. Bb3 Nxc2 21.
Qxc2 Nxe4 22. Bd2 Nxd2+ 23. Rxd2 Qb4 24. Qf5+ Ke8 25. Qxe6 Qxb3 26. Qxb3 Rxb3 27. Nd5 Bf6 28. Nxf6+ gxf6 29. Rxd6 Rcb8 30. Rh2 exf4 31. Rxf6 f3 32.
Rf2 Ke7 33. R6xf3 Rxf3 34. Rxf3 Rg8 35. Kc2 Rg2+ 36. Kb3 Kd7 37. Rc3 Rh2 38. Re3 Kc6 39. Kc3 Kb5 40. b3 Kc5 41. b4+ Kb5 42. Re5+ Kb6 43.
Rh5 Kb7 44. h4 Rh1 45. Rh6 Rc1+ 46. Kb2 Rh1 47. h5 Rh3 48. Rh8 Ka7 49. h6 Kb7 50. Kc2 Ka7 51. Kd2 Kb7 52. h7 Ka7 53. Ke2 Rh6 54.
Kf3 Kb7 55. Kg4 Rh1 56. Kg5 Rg1+ 57. Kf6 Rf1+ 58. Ke5 Rh1 59. Kd6 Rh6+ 60. Ke7 Rh1 61. Kf8 Kb6 62. Kg7 Rg1+ 63. Kf6 Rf1+ 64. Ke5 Re1+ 65.
Kd4 Rd1+ 66. Kc3 1-0

[Event "*** Titled Tuesday Blitz"]
[Site "Chess.com"]
[Date "2019.10.01"]
[Round "2"]
[White "RitvarsReimanis"]
[Black "1stSecond"]
[Result "1-0"]
[WhiteElo "2586"]
[BlackElo "2842"]
[TimeControl "180+2"]
[EndTime "13:24:26 PDT"]
[Termination "RitvarsReimanis won by resignation"]

1. d4 Nf6 2. c4 c5 3. d5 e6 4. Nc3 exd5 5. cxd5 d6 6. e4 g6 7. h3 Bg7 8. Nf3 O-O 9. Bd3 a6 10. a4 Nh5 11. O-O Nd7 12. Re1 Re8 13. Rb1 Rb8 14. Bd2 Ne5 15. Be2 Nxf3+ 16. Bxf3 Nf6 17.
b4 cxb4 18. Rxb4 Nd7 19. Qb1 Nc5 20. Nd1 Bd7 21. Bc3 Bxc3 22. Nxc3 Qf6 23. Re3 Rbc8 24. a5 Rc7 25. Ne2 Rec8 26. Qb2 Qg5 27. e5 dxe5 28.
Rxe5 Qh6 29. Qd4 Bb5 30. d6 Ne6 31. Rxe6 Rc1+ 32. Nxc1 Qxc1+ 33. Kh2 fxe6 34. Bxb7 Rd8 35. Qf6 Rf8 36. Qxe6+ Kg7 37. Qe5+ Rf6 38. Rd4 Bd7 39. Bxa6 Qc6 40. Be2 Be6 41. Rf4 Bf5 42. Rd4 Qd7 43. Bf3 h5 44. Qe7+ Rf7 45. Qxd7 Rxd7 46. a6 Ra7 47. Bb7 Bd7 48. Re4 Kf6 49. Re7 Bb5 50.
Re3 Bxa6 51. Bxa6 Rxa6 52. Rd3 Ra8 53. d7 Rd8 54. Kg3 g5 55. f4 Kf5 56. Rd5+ Ke4 57. Re5+ Kd4 58. Rxg5 Rxd7 59. Rxh5 Rg7+ 60. Rg5 Re7 61. Kg4 Re2 62. g3 Re8 63. h4 Rh8 64. h5 Ke4 65. Re5+ Kd4 66. Kh4 Rg8 67. h6 Rf8 68. h7 Rh8 69. Re7 Kd5 70. f5 Kd6 71. f6 1-0

[Event "*** Titled Tuesday Blitz"]
[Site "Chess.com"]
[Date "2019.10.01"]
[Round "2"]
[White "13MiRacLe"]
[Black "GMKrikor"]
[Result "0-1"]
[WhiteElo "2517"]
[BlackElo "2797"]
[TimeControl "180+2"]
[EndTime "13:24:28 PDT"]
[Termination "GMKrikor won by resignation"]

1. e4 c5 2. Nf3 e6 3. d4 cxd4 4.
Nxd4 Nc6 5. Nc3 a6 6. Be2 Nf6 7. O-O d6 8. Be3 Be7 9. f4 O-O 10. Kh1 Bd7 11. a4 Nxd4 12. Bxd4 Bc6 13. Bf3 Nd7 14.
Nd5 exd5 15. exd5 Bxa4 16. Rxa4 Bf6 17. Rb4 Bxd4 18. Qxd4 Nc5 19. Rc4 a5 20. c3 a4 21. Rb4 Re8 22. h3 Qe7 23. Bd1 Qe4 24. Qxe4 Rxe4 25. Rxe4 Nxe4 26. Re1 Nf2+ 27. Kg1 Nd3 28.
Re2 Nxf4 29. Re4 Nxd5 30. Bxa4 Kf8 31. Bb3 Nc7 32. Rf4 d5 33. Rb4 b5 34. Rd4 Rd8 35. Kf2 Ke7 36. Ke3 Kd6 37. Kd3 g6 38. Rf4 f5 39. Kd2 Ne6 40. Rb4 Kc5 41. Bc2 d4 42.
Bd3 dxc3+ 43. bxc3 Nc7 44. Kc2 Ra8 45. Kb2 Rd8 46.
Kc2 Rd6 47. g4 fxg4 48. hxg4 Rf6 49. Re4 Rf2+ 50. Kb3 Rf3 51. Be2 Rg3 52. Re5+ Kd6 53. Re4 Nd5 54. Bxb5 Nxc3 55. Rd4+ Ke5 56. Rd3 Rxd3 57.
Bxd3 Nd5 58. Kc2 Ne3+ 59. Kd2 Nxg4 60. Ke2 Kf4 61. Kf1 Nf6 62. Kf2 g5 63. Bxh7 Nxh7 0-1

[Event "*** Titled Tuesday Blitz"]
[Site "Chess.com"]
[Date "2019.10.01"]
[Round "2"]
[White "2nd_life"]
[Black "arjwezhrtdrz"]
[Result "0-1"]
[WhiteElo "2402"]
[BlackElo "2087"]
[TimeControl "180+2"]
[EndTime "13:24:29 PDT"]
[Termination "arjwezhrtdrz won by resignation"]

1. e4 d5 2. exd5 Qxd5 3. Nc3 Qd6 4. d4 Nf6 5. Nf3 a6 6. g3 Nc6 7. Bg2 Bg4 8. Be3 e6 9. h3 Bh5 10. g4 Bg6 11. Nh4 Be7 12. Qf3 O-O 13. Nxg6 fxg6 14. Qe2 Rab8 15. O-O-O Nb4 16. Rhe1 Rfe8 17. Kb1 Nbd5 18.
Bd2 Nxc3+ 19. Bxc3 Bf8 20. Qe5 Nd5 21. Bxd5 Qxd5 22.
Qxc7 Rbc8 23. Qb6 Qd7 24. Qb3 Rc6 25. a3 h6 26. Ka2 Kh7 27. Re4 Rec8 28. Rde1 b5 29.
Rxe6 b4 30. Rxc6 Qxc6 31. axb4 a5 32. bxa5 Ra8 33. Re5 Bd6 34. Qb5 Qc7 35. Rd5 Bf4 36.
Rc5 Qf7+ 37. Qc4 Qf8 38. d5 Bd6 39. Rc6 Qxf2 40. Rxd6 Qxc2 41. Rd7 Rxa5+ 42. Bxa5 Qxc4+ 43. Kb1 Qd3+ 44. Ka2 Qb5 45. Ra7 Qxd5+ 46. Ka1 Qd1+ 47. Ka2 Qd4 48. Rc7 Qd5+ 49. Kb1 Qxa5 50. Rc3 Qd5 51. Kc2 Qe4+ 52. Kc1 h5 53. gxh5 gxh5 54. b3 g5 55. Kd2 g4 56. hxg4 Qxg4 57. Ke1 h4 58. Kf2 h3 59. Rg3 Qh4 0-1